PAA
MARQUETTE MINERS @ CHESAPEAKE CONTINENTALS
08/20/2034
 
TOP OF THE 1ST
Marquette Miners batting - Pitching for Chesapeake Continentals : RHP Alfred Osuch
Pitching: RHP Alfred Osuch
Batting: RHB Steve Albright 0-0: Called Strike
0-1: Foul Ball, location: 2F
0-2: Strikes out swinging
Batting: RHB Arvi Sutinen 0-0: Foul Ball, location: 2F
0-1: Called Strike
0-2: Ball
1-2: Ball
2-2: Foul Ball, location: 2F
2-2: Ball
3-2: Foul Ball, location: 2F
3-2: Fly out, F9 (Flyball, 9S)
Batting: RHB Brock Dean 0-0: Ball
1-0: Ball
2-0: Ball
3-0: Base on Balls
Batting: RHB Sameen Shaw 0-0: Swinging Strike
0-1: Foul Ball, location: 2F
0-2: Ball
1-2: Strikes out swinging
Top of the 1st over - 0 runs, 0 hits, 0 errors, 1 left on base; Marquette 0 - Chesapeake 0
BOTTOM OF THE 1ST
Chesapeake Continentals batting - Pitching for Marquette Miners : RHP Joe Shlabotnik
Pitching: RHP Joe Shlabotnik
Batting: RHB Tony Calhoun 0-0: Ball
1-0: Called Strike
1-1: Ball
2-1: Swinging Strike
2-2: SINGLE (Groundball, 6D)
Batting: SHB Tomás Valdéz 0-0: Called Strike
0-1: Ball
1-1: Ball
2-1: Ball
Tony Calhoun steals 2nd base
3-1: Ground out 1-3 (Groundball, 15S)
Batting: RHB Santiago Valentín 0-0: Called Strike
0-1: Foul Ball, location: 2F
0-2: Strikes out swinging
Batting: RHB Gil Andersen 0-0: Ball
1-0: Foul Ball, location: 2F
1-1: DOUBLE (Flyball, 89XD)
Tony Calhoun scores
Batting: LHB Raphaël Duval 0-0: Ball
1-0: 2-RUN HOME RUN (Flyball, 9D), Distance : 370 ft
Batting: RHB Nick Bechtel 0-0: Ball
1-0: Ball
2-0: Called Strike
2-1: Foul Ball, location: 2F
2-2: Ground out 6-3 (Groundball, 6S)
Bottom of the 1st over - 3 runs, 3 hits, 0 errors, 0 left on base; Marquette 0 - Chesapeake 3
TOP OF THE 2ND
Marquette Miners batting - Pitching for Chesapeake Continentals : RHP Alfred Osuch
Batting: LHB Carlos Germán 0-0: Called Strike
0-1: Foul Ball, location: 2F
0-2: Ball
1-2: Ground out U3 (Groundball, 3S)
Batting: RHB Eli Cline 0-0: Fly out, F8 (Line Drive, 8LD)
Batting: RHB Mike Elzey 0-0: Ball
1-0: Ball
2-0: Called Strike
2-1: Foul Ball, location: 2F
2-2: Foul Ball, location: 2F
2-2: Fly out, F9 (Flyball, 9D)
Top of the 2nd over - 0 runs, 0 hits, 0 errors, 0 left on base; Marquette 0 - Chesapeake 3
BOTTOM OF THE 2ND
Chesapeake Continentals batting - Pitching for Marquette Miners : RHP Joe Shlabotnik
Batting: RHB Mark Sawyer 0-0: Ball
1-0: Swinging Strike
1-1: DOUBLE (Line Drive, 9LD)
Batting: RHB Manuel Ángel 0-0: Ball
1-0: Ball
Wild Pitch!
Mark Sawyer to third
2-0: Ball
3-0: Base on Balls
Batting: RHB Román Sánchez 0-0: Called Strike
0-1: Ball
1-1: Swinging Strike
1-2: Ball
2-2: Foul Ball, location: 2F
2-2: Strikes out swinging
Batting: RHB Tony Calhoun 0-0: Ball
1-0: Called Strike
1-1: Foul Ball, location: 2F
1-2: DOUBLE (Groundball, 5L)
Mark Sawyer scores
Manuel Ángel to third
Batting: SHB Tomás Valdéz 0-0: Ball
1-0: Called Strike
1-1: Ball
2-1: Ground out U3 (Groundball, 3S)
Batting: RHB Santiago Valentín 0-0: Called Strike
0-1: Ball
1-1: Foul Ball, location: 2F
1-2: Ball
2-2: Ground out 5-3 (Groundball, 5S)
Bottom of the 2nd over - 1 run, 2 hits, 0 errors, 2 left on base; Marquette 0 - Chesapeake 4
TOP OF THE 3RD
Marquette Miners batting - Pitching for Chesapeake Continentals : RHP Alfred Osuch
Batting: RHB Vic Funnell 0-0: Ball
1-0: Ball
2-0: Ball
3-0: Called Strike
3-1: Base on Balls
Batting: RHB Ryan French 0-0: Ball
1-0: Ground out 6-3 (Groundball, 6MS)
Vic Funnell to second
Batting: RHB Steve Albright 0-0: Ball
1-0: Foul Ball, location: 2F
1-1: Foul Ball, location: 2F
1-2: Ball
2-2: Ball
3-2: Foul Ball, location: 2F
3-2: Fly out, F8 (Line Drive, 8LD)
Batting: RHB Arvi Sutinen 0-0: Ball
1-0: Ground out 6-3 (Groundball, 6)
Top of the 3rd over - 0 runs, 0 hits, 0 errors, 1 left on base; Marquette 0 - Chesapeake 4
BOTTOM OF THE 3RD
Chesapeake Continentals batting - Pitching for Marquette Miners : RHP Joe Shlabotnik
Batting: RHB Gil Andersen 0-0: Fly out, F8 (Flyball, 89M)
Batting: LHB Raphaël Duval 0-0: Ball
1-0: Ball
2-0: Fly out, F8 (Flyball, 8LM)
Batting: RHB Nick Bechtel 0-0: Ball
1-0: Foul Ball, location: 2F
1-1: Ball
2-1: Called Strike
2-2: Ground out 5-3 (Groundball, 56S)
Bottom of the 3rd over - 0 runs, 0 hits, 0 errors, 0 left on base; Marquette 0 - Chesapeake 4
TOP OF THE 4TH
Marquette Miners batting - Pitching for Chesapeake Continentals : RHP Alfred Osuch
Batting: RHB Brock Dean 0-0: Ball
1-0: SINGLE (Groundball, 56S) (infield hit)
Batting: RHB Sameen Shaw 0-0: Called Strike
0-1: Swinging Strike
0-2: Foul Ball, location: 2F
0-2: Foul Ball, location: 2F
0-2: Ball
1-2: SINGLE (Groundball, 34D)
Brock Dean to second
Runner from 2nd tries for 3rd, SAFE, no throw
Batting: LHB Carlos Germán 0-0: Ball
1-0: Ball
2-0: Grounds into double play, 6-4-3 (Groundball, 6)
Brock Dean scores
Batting: RHB Eli Cline 0-0: Called Strike
0-1: Called Strike
0-2: Ground out 5-3 (Groundball, 5S)
Top of the 4th over - 1 run, 2 hits, 0 errors, 0 left on base; Marquette 1 - Chesapeake 4
BOTTOM OF THE 4TH
Chesapeake Continentals batting - Pitching for Marquette Miners : RHP Joe Shlabotnik
Batting: RHB Mark Sawyer 0-0: Called Strike
0-1: Ball
1-1: SINGLE (Groundball, P) (infield hit)
Pitching: LHP Jet Toner
Batting: RHB Manuel Ángel 0-0: Ball
1-0: Ball
2-0: Called Strike
2-1: Ball
3-1: SINGLE (Groundball, 4MD)
Mark Sawyer to second
Batting: RHB Román Sánchez 0-0: Reached on error, E6 (Groundball, 6)
Mark Sawyer to third
Manuel Ángel to second
Batting: RHB Tony Calhoun 0-0: Swinging Strike
Passed Ball!
Mark Sawyer scores
Manuel Ángel to third
Román Sánchez to second
0-1: DOUBLE (Groundball, 5L)
Manuel Ángel scores
Román Sánchez scores
Pinch Runner at 2nd Carlos Stanford:
Batting: SHB Tomás Valdéz 0-0: Ball
1-0: Called Strike
1-1: Ball
2-1: Ball
3-1: Foul Ball, location: 2F
3-2: Base on Balls
Batting: RHB Santiago Valentín 0-0: Called Strike
0-1: Foul Ball, location: 2F
0-2: Foul Ball, location: 2F
0-2: 3-RUN HOME RUN (Flyball, 78XD), Distance : 411 ft
Pitching: RHP Jude Cordingley
Batting: RHB Gil Andersen 0-0: Fly out, F8 (Flyball, 8RM)
Batting: LHB Raphaël Duval 0-0: Foul Ball, location: 2F
0-1: SINGLE (Groundball, 3D)
Batting: RHB Nick Bechtel 0-0: Called Strike
0-1: SINGLE (Line Drive, 56)
Raphaël Duval to second
Batting: RHB Mark Sawyer 0-0: Called Strike
0-1: Ball
1-1: Ball
2-1: Ball
3-1: Called Strike
3-2: Foul Ball, location: 2F
3-2: Grounds into double play, 6-4-3 (Groundball, 6)
Bottom of the 4th over - 6 runs, 6 hits, 1 error, 1 left on base; Marquette 1 - Chesapeake 10
TOP OF THE 5TH
Marquette Miners batting - Pitching for Chesapeake Continentals : RHP Alfred Osuch
Now at SS: Carlos Stanford
Batting: RHB Mike Elzey 0-0: Foul Ball, location: 2F
0-1: TRIPLE (Flyball, 78XD)
Batting: RHB Vic Funnell 0-0: Ball
1-0: Ball
2-0: Ball
3-0: Called Strike
3-1: Base on Balls
Batting: RHB Ryan French 0-0: Ball
1-0: Fielders Choice at 2nd, 6-4 (Groundball, 6)
Mike Elzey scores
Batting: RHB Steve Albright 0-0: Grounds into double play, 6-4-3 (Groundball, 6)
Top of the 5th over - 1 run, 1 hit, 0 errors, 0 left on base; Marquette 2 - Chesapeake 10
BOTTOM OF THE 5TH
Chesapeake Continentals batting - Pitching for Marquette Miners : RHP Jude Cordingley
Batting: RHB Manuel Ángel 0-0: Called Strike
0-1: Ball
1-1: Ball
2-1: Ball
3-1: Base on Balls
Batting: RHB Román Sánchez 0-0: Reached on error, E1 (Groundball, 13S)
Manuel Ángel to second
Batting: RHB Carlos Stanford 0-0: Called Strike
0-1: Ball
1-1: Foul Ball, location: 2F
1-2: Foul Ball, location: 2F
1-2: Grounds into double play, 5-4-3 (Groundball, 56)
Manuel Ángel to third
Batting: SHB Tomás Valdéz 0-0: Ball
1-0: Foul Ball, location: 2F
1-1: DOUBLE (Flyball, 78XD)
Manuel Ángel scores
Batting: RHB Santiago Valentín 0-0: Ball
1-0: Foul Ball, location: 2F
1-1: Called Strike
1-2: Ground out 6-3 (Groundball, 6)
Bottom of the 5th over - 1 run, 1 hit, 1 error, 1 left on base; Marquette 2 - Chesapeake 11
TOP OF THE 6TH
Marquette Miners batting - Pitching for Chesapeake Continentals : RHP Alfred Osuch
Batting: RHB Arvi Sutinen 0-0: Ball
1-0: Ball
2-0: Called Strike
2-1: Ball
3-1: Reached via error on a dropped throw, E3
Batting: RHB Brock Dean 0-0: Foul Ball, location: 2F
0-1: Ball
Arvi Sutinen steals 2nd base
1-1: Ball
2-1: Foul Ball, location: 2F
2-2: Ball
3-2: Base on Balls
Batting: RHB Sameen Shaw 0-0: Swinging Strike
0-1: Fielders Choice at 2nd, 4-6 (Groundball, 4)
Arvi Sutinen to third
Batting: LHB Carlos Germán 0-0: Ball
1-0: Foul Ball, location: 2F
1-1: Called Strike
1-2: Foul Ball, location: 2F
1-2: Ball
2-2: Ball
3-2: Fly out, F7 (Flyball, 7LM)
Runner from 3rd tags up, SCORES, no throw
Batting: RHB Eli Cline 0-0: Ground out 4-3 (Groundball, 4S)
Top of the 6th over - 1 run, 0 hits, 1 error, 1 left on base; Marquette 3 - Chesapeake 11
BOTTOM OF THE 6TH
Chesapeake Continentals batting - Pitching for Marquette Miners : RHP Jude Cordingley
Batting: RHB Gil Andersen 0-0: Called Strike
0-1: Foul Ball, location: 2F
0-2: Ball
1-2: Strikes out swinging
Pitching: RHP Ian There
Batting: LHB Raphaël Duval 0-0: Foul Ball, location: 2F
0-1: Ball
1-1: Foul Ball, location: 2F
1-2: Ball
2-2: Fly out, F6 (Line Drive, 56D)
Batting: RHB Nick Bechtel 0-0: Ball
1-0: Ball
2-0: Ball
3-0: Called Strike
3-1: Base on Balls
Batting: RHB Mark Sawyer 0-0: Ball
1-0: Ball
2-0: Called Strike
2-1: Ball
3-1: Foul Ball, location: 2F
3-2: Reached on error, E6 (Groundball, 6)
Nick Bechtel to second
Batting: RHB Manuel Ángel 0-0: Ball
1-0: Called Strike
1-1: Ball
2-1: Ball
3-1: Called Strike
3-2: SINGLE (Flyball, 8RS)
Nick Bechtel to third
Mark Sawyer to second
Nick Bechtel scores
Mark Sawyer to third
Batting: RHB Román Sánchez 0-0: Ball
1-0: Ball
2-0: Foul Ball, location: 2F
2-1: Called Strike
2-2: Fly out, F8 (Flyball, 89D)
Bottom of the 6th over - 1 run, 1 hit, 1 error, 2 left on base; Marquette 3 - Chesapeake 12
TOP OF THE 7TH
Marquette Miners batting - Pitching for Chesapeake Continentals : RHP Alfred Osuch
Batting: RHB Mike Elzey 0-0: Ball
1-0: Called Strike
1-1: Called Strike
1-2: Foul Ball, location: 2F
1-2: Ball
2-2: Foul Ball, location: 2F
2-2: Fly out, F8 (Flyball, 8RD)
Batting: RHB Vic Funnell 0-0: Ball
1-0: Called Strike
1-1: Foul Ball, location: 2F
1-2: Strikes out swinging
Batting: RHB Ryan French 0-0: Called Strike
0-1: Ball
1-1: Foul Ball, location: 2F
1-2: Ground out 4-3 (Groundball, 4)
Top of the 7th over - 0 runs, 0 hits, 0 errors, 0 left on base; Marquette 3 - Chesapeake 12
BOTTOM OF THE 7TH
Chesapeake Continentals batting - Pitching for Marquette Miners : RHP Ian There
Batting: RHB Carlos Stanford 0-0: Swinging Strike
0-1: Ground out 6-3 (Groundball, 6)
Batting: SHB Tomás Valdéz 0-0: Swinging Strike
0-1: SINGLE (Flyball, 8LS)
Batting: RHB Santiago Valentín 0-0: Swinging Strike
0-1: Grounds into double play, 5-4-3 (Groundball, 5)
Bottom of the 7th over - 0 runs, 1 hit, 0 errors, 0 left on base; Marquette 3 - Chesapeake 12
TOP OF THE 8TH
Marquette Miners batting - Pitching for Chesapeake Continentals : RHP Alfred Osuch
Pitching: RHP Jason Todd
Batting: RHB Steve Albright 0-0: Ball
1-0: Swinging Strike
1-1: Called Strike
1-2: Ground out 6-3 (Groundball, 6S)
Batting: RHB Arvi Sutinen 0-0: Ball
1-0: Foul Ball, location: 2F
1-1: Ball
2-1: Ball
3-1: Base on Balls
Batting: RHB Brock Dean 0-0: Ball
1-0: SINGLE (Flyball, 89S)
Arvi Sutinen to second
Runner from 2nd tries for 3rd, OUT!
Batting: RHB Sameen Shaw 0-0: Ball
1-0: Ball
2-0: Called Strike
2-1: Swinging Strike
2-2: Ball
3-2: SINGLE (Groundball, 56D)
Brock Dean to second
Brock Dean to third
Batting: LHB Carlos Germán 0-0: Ball
1-0: Ball
2-0: Ball
3-0: Called Strike
3-1: Base on Balls
Sameen Shaw to second
Batting: RHB Eli Cline 0-0: Called Strike
0-1: Swinging Strike
0-2: Fly out, F7 (Flyball, 7S)
Top of the 8th over - 0 runs, 2 hits, 0 errors, 3 left on base; Marquette 3 - Chesapeake 12
BOTTOM OF THE 8TH
Chesapeake Continentals batting - Pitching for Marquette Miners : RHP Ian There
Pinch Hitting: RHB Shou-chien Luo 0-0: Foul Ball, location: 2F
0-1: Ball
1-1: Ball
2-1: Ball
3-1: Fly out, F4 (Line Drive, 4)
Batting: LHB Raphaël Duval 0-0: Called Strike
0-1: Ground out U3 (Groundball, 3)
Batting: RHB Nick Bechtel 0-0: Foul Ball, location: 2F
0-1: Swinging Strike
0-2: Ball
1-2: SINGLE (Flyball, 7LM)
Batting: RHB Mark Sawyer 0-0: Ball
1-0: Ball
2-0: Called Strike
2-1: Fly out, F4 (Line Drive, 4)
Bottom of the 8th over - 0 runs, 1 hit, 0 errors, 1 left on base; Marquette 3 - Chesapeake 12
TOP OF THE 9TH
Marquette Miners batting - Pitching for Chesapeake Continentals : RHP Jason Todd
Now in RF: Shou-chien Luo
Batting: RHB Mike Elzey 0-0: Ball
1-0: Ball
2-0: Ball
3-0: Base on Balls
Batting: RHB Vic Funnell 0-0: Called Strike
0-1: Swinging Strike
0-2: Ball
1-2: Ball
2-2: Foul Ball, location: 2F
2-2: Ball
3-2: Base on Balls
Mike Elzey to second
Batting: RHB Ryan French 0-0: Ball
1-0: Ball
2-0: Fly out, F4 (Line Drive, 4)
Batting: RHB Steve Albright 0-0: Called Strike
0-1: Grounds into double play, 6-4-3 (Groundball, 6)
Top of the 9th over - 0 runs, 0 hits, 0 errors, 1 left on base; Marquette 3 - Chesapeake 12
Friday, March 29th, 2019 - OOTP Baseball 18.8 Build 76